 Dungeon Crawl Stone Soup version 0.24.0-13-gcf9b3192b9 (webtiles) character file.

Game seed: 8890115507450435966, levelgen mode: deterministic

5338 mora the Grappler (level 10, -8/83 HPs)
             Began as a Ghoul Gladiator on Nov 9, 2019.
             Was a Follower of Uskayaw.
             Mangled by a seven-headed hydra (9 damage)
             ... on level 9 of the Dungeon.
             The game lasted 00:14:51 (8755 turns).

mora the Grappler (Ghoul Gladiator)                 Turns: 8755, Time: 00:14:52

Health: -8/83      AC: 14    Str: 19    XL:     10   Next: 65%
Magic:  13/13      EV: 14    Int:  6    God:    Uskayaw [*.....]
Gold:   148        SH:  8    Dex: 19    Spells: 11/11 levels left

rFire    + . .     SeeInvis .     - Unarmed
rCold    + + .     Gourm    .   j - +0 shield
rNeg     + + +     Faith    .   y - +2 ring mail {rC+}
rPois    ∞         Spirit   .   u - +2 helmet {Int+3}
rElec    .         Reflect  .   (no cloak)
rCorr    .         Harm     .   r - +2 pair of gloves
MR       .....                  l - +0 pair of boots
Stlth    +.........             (no amulet)
HPRegen  0.00/turn              o - +6 ring of dexterity
MPRegen  0.13/turn              z - ring of protection from fire

@: rotting
A: rotting body, claws 1, carnivore, cold resistance 1, negative energy
resistance 3, inhibited regeneration, torment resistance, unbreathing
a: Stomp, Renounce Religion


You were on level 9 of the Dungeon.
You worshipped Uskayaw.
Uskayaw was noncommittal.
You were not hungry.

You visited 2 branches of the dungeon, and saw 13 of its levels.
You also visited: Sewer.

You collected 649 gold pieces.
You spent 501 gold pieces at shops.

Inventory:

Missiles
 c - 4 throwing nets (quivered)
Armour
 j - a +0 shield (worn)
 l - a +0 pair of boots (worn)
 r - a +2 pair of gloves (worn)
 u - a +2 helmet of intelligence (worn)
 y - a +2 ring mail of cold resistance (worn)
Jewellery
 o - a +6 ring of dexterity (left hand)
 z - a ring of protection from fire (right hand)
Wands
 A - a wand of acid (8)
 C - a wand of clouds (4)
 E - a wand of enslavement (12)
 F - a wand of flame (47)
 I - a wand of iceblast (7)
 P - a wand of paralysis (21)
Scrolls
 b - 3 scrolls of blinking
 f - 2 scrolls of fear
 i - 11 scrolls of identify
 t - 10 scrolls of teleportation
 w - 3 scrolls of silence {unknown}
Potions
 a - 3 potions of haste
 d - 2 potions of resistance {unknown}
 g - a potion of brilliance {unknown}
 h - 5 potions of flight
 k - 2 potions of ambrosia {unknown}
 m - 2 potions of mutation {unknown}
 n - 4 potions of agility
 p - 4 potions of berserk rage {unknown}
 q - 5 potions of heal wounds {unknown}
 s - 3 potions of curing {unknown}
 x - a potion of might {unknown}
Comestibles
 e - 24 rations
 v - 2 chunks of flesh


   Skills:
 + Level 6.0 Fighting
 - Level 1.7 Throwing
 + Level 8.2 Dodging
 + Level 9.7 Unarmed Combat
 + Level 1.1 Spellcasting
 + Level 5.9 Invocations
 + Level 5.6 Evocations


You had 11 spell levels left.
You didn't know any spells.
Your spell library was empty.

Dungeon Overview and Level Annotations

Branches:
Dungeon (12/15)            Temple (1/1) D:4           Sewer (visited)
   Lair: D:8-11         Orc: D:9-12

Altars:
Ashenzari
Cheibriados
Dithmenos
Elyvilon
Fedhas
Gozag
Hepliaklqana
Kikubaaqudgha
Makhleb
Nemelex Xobeh
Okawaru
Qazlal
Ru
Sif Muna
Trog
Uskayaw
Vehumet
Wu Jian
Xom
Yredelemnul
Zin
The Shining One

Shops:
D:7 *![[(


Innate Abilities, Weirdness & Mutations

Your body is rotting away.
You thrive on raw meat.
You are immune to poison.
You have sharp fingernails.
You are carnivorous and can eat meat at any time.
Your flesh is cold resistant. (rC+)
You are immune to negative energy. (rN+++)
You do not regenerate when monsters are visible.
You are immune to unholy pain and torment.
You can survive without breathing.


Message History

Aim: a seven-headed hydra The bolt of acid hits the seven-headed hydra!!
The seven-headed hydra is splashed with acid.
The seven-headed hydra is moderately wounded.
You block the seven-headed hydra's attack.
The seven-headed hydra bites you!
The seven-headed hydra closely misses you.
The seven-headed hydra bites you! x3
* * * LOW HITPOINT WARNING * * *
The seven-headed hydra completely misses you.
Eat one of 3 chunks of flesh? (ye/n/q)
You eat one of the 3 chunks of flesh.
This raw flesh tastes great!
The seven-headed hydra bites you!
* * * LOW HITPOINT WARNING * * *
The seven-headed hydra bites you!
* * * LOW HITPOINT WARNING * * *
The seven-headed hydra barely misses you.
The seven-headed hydra bites you but does no damage. x3
The seven-headed hydra bites you!
You die...

.### #.#.#.##.#
...# #.#.#.##.#
...# #.#.#....#
#..# #.#..#.###
#..# #..#.#.# #..#
#..._..# #..#
#.##.###
.<.########.#..###
...............D@#
######......#.####
######.######.#
...........##.#
........##.##.#
........##.##.#
........##.##.#
#####'####.##.#
#......##.#


You could see a seven-headed hydra.

Vanquished Creatures
  An ugly thing (D:12)
  A hippogriff (D:7)
  3 yaks (D:9)
  A wyvern (D:8)
  A hungry ghost (D:8)
  A water moccasin (D:7)
  2 sky beasts
  2 orc warriors
  An ice beast (D:7)
  An eye of draining (D:8)
  2 black bears
  3 centaurs
  A necrophage (D:8)
  4 ogres
  7 bullfrogs
  3 big kobolds
  2 scorpions
  6 wights
  A howler monkey (D:4)
  2 crimson imps
  A bullfrog zombie (D:6)
  A centaur zombie (D:12)
  2 quasits (D:9)
  9 hounds
  6 orc wizards
  A bullfrog skeleton (D:8)
  4 jellies
  2 iguanas
  8 worker ants
  A hound skeleton (D:5)
  11 gnolls
  22 adders
  An ooze (D:6)
  3 adder skeletons
  8 worms
  3 dart slugs
  5 leopard geckos
  39 orcs
  6 ball pythons
  7 bats
  14 giant cockroaches
  5 goblins
  4 hobgoblins
  9 jackals
  3 quokkas
  3 frilled lizards
  10 kobolds
  A quokka skeleton (D:8)
  12 rats
246 creatures vanquished.

Vanquished Creatures (others)
  An orc (D:9)
1 creature vanquished.

Grand Total: 247 creatures vanquished

Notes
Turn   | Place    | Note
-------+----------+-------------------------------------------
     0 | D:1      | mora the Ghoul Gladiator began the quest for the Orb.
     0 | D:1      | Reached XP level 1. HP: 17/17 MP: 0/0
   193 | D:1      | Reached XP level 2. HP: 24/24 MP: 1/1
   791 | D:2      | Reached XP level 3. HP: 27/29 MP: 2/2
   792 | D:2      | Reached skill level 4 in Unarmed Combat
   954 | D:2      | Reached XP level 4. HP: 29/36 MP: 3/3
  1433 | D:3      | Found a shadowy altar of Dithmenos.
  1498 | D:3      | Found a glowing drain.
  1513 | Sewer    | Entered a sewer
  1565 | Sewer    | Reached XP level 5. HP: 27/41 MP: 4/4
  1657 | Sewer    | Reached skill level 5 in Unarmed Combat
  1682 | Sewer    | Noticed a big kobold
  1682 | Sewer    | Noticed a big kobold
  1695 | Sewer    | Killed a big kobold
  1717 | Sewer    | Killed a big kobold
  1717 | Sewer    | Reached XP level 6. HP: 25/48 MP: 5/5
  2157 | D:3      | Found a burning altar of Makhleb.
  2326 | D:4      | Found a staircase to the Ecumenical Temple.
  2346 | Temple   | Entered the Ecumenical Temple
  2469 | D:4      | Reached skill level 5 in Dodging
  2469 | D:4      | Reached skill level 6 in Unarmed Combat
  2594 | D:4      | Reached XP level 7. HP: 25/55 MP: 6/6
  2908 | D:4      | Reached skill level 1 in Evocations
  3007 | D:4      | Found a white marble altar of Elyvilon.
  3288 | D:5      | Entered Level 5 of the Dungeon
  3740 | D:5      | Reached skill level 7 in Unarmed Combat
  3799 | D:5      | Reached XP level 8. HP: 61/61 MP: 8/8
  4053 | D:6      | Found a hide-covered altar of Uskayaw.
  4055 | D:6      | Found a basalt altar of Yredelemnul.
  4055 | D:6      | Found a sparkling altar of Nemelex Xobeh.
  4055 | D:6      | Found a shattered altar of Ashenzari.
  4055 | D:6      | Found a radiant altar of Vehumet.
  4056 | D:6      | Found a stormy altar of Qazlal.
  4056 | D:6      | Found a white marble altar of Elyvilon.
  4056 | D:6      | Found an ancient bone altar of Kikubaaqudgha.
  4059 | D:6      | Became a worshipper of Uskayaw the Reveler
  4132 | D:6      | Reached * piety under Uskayaw
  4657 | D:6      | Reached ** piety under Uskayaw
  4896 | D:6      | Reached *** piety under Uskayaw
  4898 | D:6      | Reached skill level 1 in Invocations
  4902 | D:6      | Reached **** piety under Uskayaw
  5403 | D:7      | Found Demel's Weapon Shop.
  5407 | D:7      | Found Huziacs's Armour Shoppe.
  5415 | D:7      | Bought a +2 ring mail of cold resistance for 294 gold
                  | pieces
  5441 | D:7      | Found Zosae's Armour Shop.
  5442 | D:7      | Noticed a hippogriff
  5465 | D:7      | Killed a hippogriff
  5825 | D:7      | Found Amyeg's Assorted Antiques.
  5861 | D:7      | Bought a scroll labeled OHYCZO QEPHATRICW for 28 gold
                  | pieces
  5861 | D:7      | Bought a smoky green potion for 25 gold pieces
  5861 | D:7      | Bought a wand of flame (7) for 28 gold pieces
  5899 | D:7      | Reached skill level 8 in Unarmed Combat
  5905 | D:7      | Found Ycropn's Distillery.
  5908 | D:7      | Reached XP level 9. HP: 58/67 MP: 10/10
  6419 | D:8      | Found a sacrificial altar of Ru.
  6970 | D:8      | Reached skill level 5 in Invocations
  6970 | D:8      | Reached skill level 5 in Evocations
  7108 | D:8      | Found a blossoming altar of Fedhas.
  7114 | D:8      | Reached skill level 9 in Unarmed Combat
  7129 | D:8      | Reached XP level 10. HP: 64/80 MP: 12/12
  7547 | D:9      | Reached skill level 5 in Fighting
  7604 | D:9      | You fall into a shaft and drop 3 floors!
  7729 | D:12     | Noticed a white ugly thing
  7756 | D:12     | Killed a white ugly thing
  7930 | D:10     | Entered Level 10 of the Dungeon
  8031 | D:9      | Found a glowing silver altar of Zin.
  8089 | D:7      | Bought a +0 shield for 63 gold pieces
  8089 | D:7      | Bought a +0 pair of boots for 63 gold pieces
  8704 | D:9      | Reached skill level 1 in Spellcasting
  8738 | D:10     | Noticed a seven-headed hydra
  8755 | D:9      | HP: 1/83 [seven-headed hydra (9)]
  8755 | D:9      | Mangled by a seven-headed hydra

Levels and vault maps discovered:
D:1:      dpeg_arrival_pits, layout_loops_ring
D:2:      minmay_roachtagon, layout_basic, first_ration
D:3:      layout_basic, old_standard_altar, lightli_temple_of_fire,
          portal_sewer_entry_a
D:4:      layout_loops_ring, minmay_temple_entry_statues_fountains,
          elyvilon_altar_3
D:5:      layout_loops_ring
D:6:      minmay_klotski, layout_basic, grunt_temple_overflow_open, uniq_pikel
D:7:      layout_basic, serial_shops, shop, shop, shop_statue,
          nicolae_shop_trees, nicolae_shop_overgrown_old_shop
D:8:      layout_basic, kennysheep_little_box, fedhas_bush_and_centaur_altar
D:9:      lemuel_ice_spiral_2, layout_basic, lemuel_crystal_altar
D:10:     layout_rooms, lair_entry_dummy, david_nohive_1
D:11:     wad_crossroads, layout_long_grid, uniq_sonja, uniq_grum
D:12:     layout_cave_pools, orc_0_dummy, special_room [special_room_orc],
          uniq_nergalle
Temple:   nicolae_temple_figure_zero

Skill      XL: |  1  2  3  4  5  6  7  8  9 10 |
---------------+-------------------------------+-----
Dodging        | 3 4 5 6 7 8 |  8.2
Unarmed Combat | 4 5 6 7 8 9 |  9.7
Evocations     | 2 3 5 |  5.6
Invocations    | 3 5 |  5.9
Fighting       | 4 6 |  6.0
Spellcasting   | 1 |  1.1
Throwing       | |  1.7

Action                   |  1- 3 |  4- 6 |  7- 9 | 10-12 || total
-------------------------+-------+-------+-------+-------++-------
Melee: Unarmed           |    92 |   209 |   395 |   196 ||   892
       Punch             |     1 |     6 |    22 |    12 ||    41
Invok: Stomp             |       |       |     7 |     2 ||     9
Evoke: Wand              |       |       |       |     2 ||     2
  Use: Scroll            |       |    13 |     6 |     1 ||    20
 Stab: Sleeping          |       |     1 |       |       ||     1
       Paralysed         |       |       |    11 |     9 ||    20
  Eat: Chunk             |     1 |    11 |    18 |    13 ||    43
       Ration            |       |       |     1 |       ||     1
Armor: Leather armour    |     8 |       |       |       ||     8
       Ring mail         |    44 |    42 |    89 |    60 ||   235
Dodge: Dodged            |    73 |   138 |   264 |   129 ||   604
Block: Shield            |       |       |       |    30 ||    30
